 Dungeon Crawl Stone Soup version bcrawl-1.19.2-6-g6a88ae04c9 (webtiles) character file.

Game seed: 13547166860322846626

1213 Freyura the Thaumaturge (level 8, -3/49 HPs)
             Began as a Skeleton Reaver on Jan 5, 2020.
             Was a Believer of Vehumet.
             Slain by a sky beast (5 damage)
             ... on level 5 of the Dungeon.
             The game lasted 00:12:52 (4429 turns).

Freyura the Thaumaturge (Skeleton Reaver)           Turns: 4429, Time: 00:12:53

Health: -3/49      AC:  6    Str: 19    XL:     8   Next: 22%
Magic:  0/20       EV: 13    Int: 12    God:    Vehumet [**....]
Gold:   308        SH:  6    Dex:  9    Spells: 23/23 levels left

rFire    . . .     SeeInvis .   o - +0 flail (drain)
rCold    + . .     Gourm    .   g - +2 buckler
rNeg     + + +     Faith    .   b - +0 steam dragon scales
rPois    ∞         Spirit   +   (no helmet)
rElec    .         Reflect  .   (no cloak)
rCorr    .         Harm     .   j - +0 pair of gloves
MR       +....                  (no boots)
Stlth    +.........             (no amulet)
HPRegen  0.16/turn              k - ring of wizardry
MPRegen  0.17/turn              (no ring)

@: no status effects
A: no food or potions, cold resistance 1, deterioration 1, negative energy
resistance 3, powered by death 1, torment resistance, unbreathing, magic shield,
sturdy frame 1, spell healing
a: Renounce Religion


You were on level 5 of the Dungeon.
You worshipped Vehumet.
Vehumet was pleased with you.
You were not hungry.

You visited 1 branch of the dungeon, and saw 5 of its levels.

You collected 308 gold pieces.

Inventory:

Hand Weapons
 a - a +1 flail
 o - a +0 flail of draining (weapon)
Armour
 b - +0 steam dragon scales (worn)
 g - a +2 buckler (worn)
 j - a +0 pair of gloves (worn)
Jewellery
 k - a ring of wizardry (left hand)
Wands
 i - a wand of polymorph (12)
 n - a wand of flame (10)
Scrolls
 c - 2 scrolls of immolation
 d - 2 scrolls of identify
 e - 4 scrolls of teleportation
 f - 5 scrolls of remove curse
 h - 2 scrolls of blinking


   Skills:
 + Level 5.1 Fighting
 + Level 6.1 Maces & Flails
 + Level 5.1 Dodging
 + Level 3.1 Shields
 * Level 8.4 Spellcasting


You had 23 spell levels left.
You didn't know any spells.
Your spell library contained the following spells:

 Spells                   Type           Power        Failure   Level  Hunger
 Dazzling Spray           Conj/Hex       #.....       5%          3    N/A
 Iskenderun's Battlesphe  Conj/Chrm      #.......     36%         5    N/A

Dungeon Overview and Level Annotations

Branches:
Dungeon (5/12)
 Temple: D:4-7

Altars:
Xom
Yredelemnul
Zin

Annotations:
D:5 Pikel


Innate Abilities, Weirdness & Mutations

You do not eat or drink.
You are immune to poison.
Your flesh is cold resistant. (rC+)
Your body sometimes deteriorates upon taking damage.
You are immune to negative energy. (rN+++)
You regenerate a little health from kills.
You are immune to unholy pain and torment.
You can survive without breathing.
When hurt, damage is shared between your health and your magic reserves.
Your movements are slightly less encumbered by armour. (ER -2)
Casting spells heals you.


Message History

You block the slave's attack. You block Pikel's attack. The slave hits you.
* * * LOW HITPOINT WARNING * * *
You barely miss Pikel.
Pikel is heavily wounded.
The slave closely misses you. The slave hits you but does no damage.
Something hits you.
* * * LOW HITPOINT WARNING * * *
Something shocks you.
* * * LOW HITPOINT WARNING * * *
The slave hits you.
* * * LOW HITPOINT WARNING * * *
Pikel barely misses you. The slave barely misses you. x2
You barely miss Pikel.
Pikel is heavily wounded.
The slave hits you.
* * * LOW HITPOINT WARNING * * *
The slave misses you. Something hits you.
* * * LOW HITPOINT WARNING * * *
Something shocks you.
You die...

###............. ...
........#
#.#####....######
#.#.....p.........#
#.....###.#.......#
#.###.###.#.......#
###.........#p......#
#.....pp{.###.......#
#.....p@p...........####
#......K..#####+###.....
#.........# #.....
#.........# #.....
#.........# #.....
#...?...... ###.....
#.........#. ........
###########.. .........
.........


You could see Pikel and 4 slaves.

Vanquished Creatures
  Sigmund (D:3)
  A hungry ghost (D:4)
  Edmund (D:4)
  A sky beast (D:4)
  A necrophage (D:5)
  A phantom (D:4)
  An ice beast (D:3)
  A scorpion (D:4)
  A howler monkey (D:4)
  A crimson imp (D:4)
  An orc priest (D:4)
  An orc wizard (D:4)
  A centaur skeleton (D:4)
  A worker ant (D:4)
  3 hound zombies
  6 adders
  2 oozes
  An adder skeleton (D:5)
  4 worms
  2 dart slugs
  8 leopard geckos
  4 orcs
  6 giant cockroaches
  7 goblins
  16 hobgoblins
  5 jackals
  8 kobolds
  2 quokkas
  3 ball pythons
  6 bats
  4 frilled lizards (D:1)
  5 rats
106 creatures vanquished.

Notes
Turn   | Place    | Note
-------+----------+-------------------------------------------
     0 | D:1      | Freyura the Skeleton Reaver began the quest for the Orb.
     0 | D:1      | Reached XP level 1. HP: 14/14 MP: 4/4
   214 | D:1      | Reached XP level 2. HP: 19/19 MP: 6/6
   701 | D:1      | Reached XP level 3. HP: 19/23 MP: 6/8
   709 | D:1      | Reached * piety under Vehumet
   709 | D:1      | Offered knowledge of Flame Tongue by Vehumet.
   720 | D:1      | Reached skill level 4 in Spellcasting
  1383 | D:2      | Found a glowing silver altar of Zin.
  1473 | D:2      | Reached XP level 4. HP: 27/28 MP: 10/10
  1621 | D:2      | Found a shimmering altar of Xom.
  2190 | D:3      | Reached ** piety under Vehumet
  2190 | D:3      | Offered knowledge of Searing Ray by Vehumet.
  2317 | D:3      | Noticed Sigmund
  2334 | D:3      | Killed Sigmund
  2334 | D:3      | Reached skill level 5 in Spellcasting
  2334 | D:3      | Reached XP level 5. HP: 11/33 MP: 5/13
  2334 | D:3      | Gained mutation: You regenerate a little health from kills.
                  | [Skeleton growth]
  2334 | D:3      | Reached XP level 6. HP: 13/38 MP: 5/14
  2528 | D:3      | Found a basalt altar of Yredelemnul.
  2693 | D:3      | Reached skill level 6 in Spellcasting
  2754 | D:3      | Noticed an ice beast
  2764 | D:3      | Killed an ice beast
  2764 | D:3      | Reached skill level 5 in Maces & Flails
  3292 | D:4      | Reached XP level 7. HP: 39/44 MP: 15/17
  3306 | D:4      | Noticed a hungry ghost
  3333 | D:4      | Killed a hungry ghost
  3333 | D:4      | Reached skill level 1 in Shields
  3333 | D:4      | Reached skill level 7 in Spellcasting
  3443 | D:4      | Noticed Edmund
  3476 | D:4      | Killed Edmund
  3515 | D:4      | Offered knowledge of Dazzling Spray by Vehumet.
  3961 | D:4      | Reached skill level 5 in Dodging
  3961 | D:4      | Reached skill level 8 in Spellcasting
  3961 | D:4      | Reached XP level 8. HP: 39/48 MP: 16/20
  4053 | D:4      | Reached skill level 5 in Fighting
  4238 | D:5      | Entered Level 5 of the Dungeon
  4414 | D:5      | Noticed Pikel
  4429 | D:5      | HP: 2/49 [something (2)]
  4429 | D:5      | Slain by a sky beast

Skill      XL: |  1  2  3  4  5  6  7  8 |
---------------+-------------------------+-----
Maces & Flails | 4 5 6 |  6.1
Spellcasting   | 4 5 6 8 |  8.4
Fighting       | 4 5 |  5.1
Dodging        | 4 5 |  5.1
Shields        | 2 3 |  3.1

Action                   |  1- 3 |  4- 6 |  7- 9 || total
-------------------------+-------+-------+-------++-------
Melee: Flail             |   184 |   154 |   141 ||   479
Evoke: Wand              |       |     1 |       ||     1
  Use: Scroll            |       |     5 |     2 ||     7
Armor: Steam dragon scal |    94 |    49 |    54 ||   197
Dodge: Dodged            |   154 |   118 |   113 ||   385
Block: Buckler           |       |     1 |    38 ||    39
